Map: 킹스 코브 - 래더

Players

Reynor - Winner!

  • Race: Zerg Zerg
  • League: Master
  • Spawn Location: 5:00

lllIIIIllll (Creator)

  • Race: Protoss Protoss
  • League: Master
  • Spawn Location: 11:00

Event: HomeStory Cup XIX

VOD

Have the link to the VOD?

Description

Time

  • Played on: June 27, 2019, 6:43 a.m.
  • Length: 21:02

All games in this series

Show
View Real Time Build Order
Export as new Build Order

Reynor Zerg - Winner!

Build Orders: Hatch First 

Get SALT Encoding   

  12  0:00  Drone  
  13  0:12  Overlord  
  13  0:18  Drone  
  14  0:31  Drone x2  
  16  0:50  Hatchery  
  16  0:52  Drone  
  16  0:56  Drone  
  17  0:59  Drone  
  18  1:10  Extractor  
  17  1:15  Spawning Pool  
  17  1:18  Drone  
  17  1:22  Drone  
  18  1:28  Drone  
  19  1:39  Drone  
  20  1:49  Overlord  
  20  2:02  Zergling x4, Queen  
  20  2:03  Queen  
  26  2:11  Drone  
  26  2:12  Drone  
  28  2:16  Metabolic Boost  
  28  2:22  Drone  
  29  2:26  Drone  
  30  2:39  Hatchery  
  30  2:42  Drone  
  31  2:44  Drone  
  31  2:47  Drone  
  32  2:52  Overlord  
  32  2:54  Drone  
  32  2:58  Drone  
  34  3:04  Queen  
  36  3:10  Drone  
  38  3:12  Drone  
  38  3:13  Drone  
  38  3:16  Drone  
  38  3:17  Drone x2  
  38  3:19  Drone  
  43  3:28  Overlord  
  43  3:32  Drone  
  44  3:39  Overlord, Spore Crawler  
  43  3:42  Spore Crawler  
  43  3:45  Queen  
  44  3:49  Overlord  
  44  3:51  Drone x2  
  44  3:52  Drone x3  
  49  3:57  Queen  
  49  4:02  Zergling x6  
  54  4:09  Spore Crawler  
  53  4:12  Drone x4  
  53  4:15  Overlord  
  53  4:16  Drone  
  57  4:20  Drone x2  
  59  4:26  Overlord  
  59  4:27  Drone x2  
  59  4:28  Drone  
  62  4:33  Queen  
  62  4:36  Zergling x2  
  62  4:37  Zergling x2  
  66  4:42  Drone  
  66  4:45  Lair  
  65  4:47  Extractor  
  65  4:48  Extractor  
  65  4:49  Drone x2  
  65  4:50  Drone  
  66  4:57  Roach Warren  
  66  4:59  Drone x3  
  66  5:01  Drone x2  
  66  5:04  Drone x3  
  71  5:08  Drone x2  
  71  5:09  Drone  
  71  5:11  Drone  
  75  5:15  Overlord  
  75  5:28  Drone, Queen  
  75  5:32  Evolution Chamber  
  77  5:36  Drone  
  77  5:38  Overlord  
  77  5:40  Drone x4  
  82  5:45  Glial Reconstitution  
  82  5:47  Extractor, Overlord  
  82  5:48  Drone, Spore Crawler  
  89  5:55  Spore Crawler  
  88  5:59  Drone x6  
  88  6:01  Queen  
  88  6:02  Hatchery  
  87  6:04  Spore Crawler  
  87  6:05  Drone x2  
  87  6:08  Spore Crawler  
  87  6:09  Zerg Melee Weapons Level 1, Spore Crawler  
  86  6:11  Queen  
  86  6:13  Overlord  
  88  6:20  Spore Crawler  
  88  6:24  Drone x4  
  88  6:25  Drone x5  
  92  6:27  Extractor  
  92  6:28  Extractor  
  90  6:34  Overlord  
  89  6:44  Drone x2  
  89  6:46  Zergling x18, Spore Crawler  
  98  6:52  Hydralisk Den, Drone x2  
  94  6:57  Drone  
  94  6:58  Drone  
  92  7:01  Drone  
  92  7:05  Drone, Evolution Chamber  
  93  7:09  Drone x3  
  93  7:10  Drone x6  
  93  7:12  Overlord  
  93  7:15  Overseer  
  102  7:19  Drone x2  
  102  7:21  Drone x2  
  106  7:24  Drone  
  106  7:25  Grooved Spines  
  106  7:28  Infestation Pit, Drone  
  107  7:37  Overlord  
  107  7:45  Drone  
  107  7:46  Drone x2  
  107  7:47  Zerg Missile Weapons Level 1  
  107  7:48  Drone x5  
  113  7:52  Drone x3  
  113  7:58  Hatchery  
  114  8:03  Hydralisk x3  
  114  8:04  Hydralisk x5  
  130  8:13  Baneling Nest  
  130  8:15  Spore Crawler  
  130  8:16  Hive  
  130  8:17  Overlord x3  
  128  8:25  Zerg Melee Weapons Level 2  
  128  8:27  Hydralisk  
  128  8:28  Hydralisk x3  
  133  8:35  Zergling x18  
  133  8:38  Drone x4  
  146  8:42  Muscular Augments  
  146  8:44  Drone x6  
  152  8:49  Spire  
  152  8:53  Hydralisk x3  
  157  8:57  Centrifical Hooks  
  157  9:02  Baneling x14  
  157  9:08  Zergling x6  
  159  9:12  Overlord  
  159  9:17  Baneling x6  
  159  9:18  Baneling  
  159  9:21  Hydralisk x2, Zergling x2  
  159  9:22  Zergling x2  
  165  9:26  Overlord  
  165  9:32  Overlord  
  165  9:34  Drone x3  
  165  9:35  Drone, Extractor  
  165  9:36  Zergling x10  
  165  9:37  Baneling x7  
  165  9:38  Hydralisk x2  
  170  9:43  Overlord  
  171  9:47  Zergling x2  
  171  9:48  Zergling x20  
  171  9:50  Baneling x3  
  171  9:52  Overlord  
  173  10:00  Hydralisk x5  
  173  10:01  Zergling x14  
  173  10:05  Hydralisk x2  
  166  10:09  Baneling x10  
  166  10:13  Hydralisk  
  166  10:14  Hydralisk x2, Zergling x2  
  159  10:16  Hydralisk  
  159  10:17  Queen x2  
  159  10:21  Baneling x3, Zergling x6  
  154  10:30  Hydralisk  
  154  10:31  Zergling x12  
  154  10:32  Hydralisk  
  154  10:33  Queen  
  157  10:40  Hydralisk  
  157  10:41  Zergling x8  
  152  10:43  Queen x2  
  152  10:44  Hydralisk  
  152  10:46  Hydralisk, Zergling x2  
  152  10:47  Hydralisk x2  
  155  10:51  Zergling x6  
  153  10:58  Drone x4  
  153  10:59  Greater Spire  
  153  11:00  Extractor  
  155  11:06  Drone x2  
  155  11:10  Zerg Melee Weapons Level 3  
  157  11:14  Baneling x8  
  157  11:15  Zergling x8  
  157  11:16  Hatchery  
  157  11:18  Zergling x2  
  161  11:22  Drone x4  
  165  11:25  Extractor  
  165  11:26  Extractor  
  165  11:27  Extractor, Zerg Missile Weapons Level 2  
  165  11:31  Overlord x2  
  165  11:32  Zergling x14  
  169  11:41  Corruptor x3  
  169  11:43  Hydralisk, Zergling x2  
  169  11:44  Zergling x8  
  182  11:49  Overlord  
  182  11:56  Adrenal Glands  
  181  12:03  Overseer  
  181  12:12  Overseer  
  181  12:16  Brood Lord x3  
  181  12:18  Pneumatized Carapace  
  186  12:23  Spine Crawler  
  186  12:24  Spine Crawler x3  
  186  12:25  Spine Crawler  
  181  12:35  Corruptor x3  
  187  12:37  Drone  
  187  12:38  Drone x2  
  187  12:40  Zergling x20  
  187  12:42  Spore Crawler x2  
  197  12:44  Spore Crawler  
  197  12:48  Spire  
  192  12:56  Zergling x24  
  200  13:02  Baneling x20  
  195  13:08  Zergling x14  
  199  13:21  Overseer  
  199  13:26  Overseer  
  199  13:38  Pathogen Glands  
  199  13:41  Baneling x2  
  199  13:42  Baneling x5  
  199  13:44  Spore Crawler  
  199  13:48  Extractor x2  
  193  13:51  Zerg Missile Weapons Level 3  
  193  13:52  Zerg Ground Armor Level 1  
  182  14:04  Corruptor x11  
  197  14:16  Spore Crawler  
  193  14:17  Spore Crawler x2  
  193  14:18  Spore Crawler  
  193  14:19  Spore Crawler  
  183  14:26  Corruptor x7  
  194  14:45  Drone x10  
  192  14:48  Baneling x7  
  192  14:49  Drone x9  
  195  15:04  Greater Spire  
  191  15:27  Infestor x4  
  199  15:39  Corruptor x2  
  199  15:46  Corruptor x3  
  199  15:47  Corruptor  
  199  15:57  Spore Crawler  
  199  15:59  Spore Crawler  
  199  16:00  Spore Crawler x2  
  199  16:01  Spore Crawler  
  194  16:16  Brood Lord x2  
  194  16:36  Zergling x16  
  199  16:50  Hydralisk x2  
  199  16:56  Hydralisk x3  
  199  16:57  Hydralisk x3, Zergling x14  
  199  16:58  Zergling x20  
  199  17:01  Hydralisk x8  
  179  17:02  Zergling x4  
  179  17:06  Hydralisk x2  
  179  17:07  Zergling x4  
  177  17:11  Hydralisk x3  
  177  17:14  Queen x2  
  167  17:19  Baneling x10, Hydralisk x3  
  167  17:20  Hydralisk x2  
  158  17:24  Hydralisk x2  
  158  17:25  Zergling x4  
  119  17:51  Infestor x7  
  106  17:52  Drone  
  120  18:06  Drone x6  
  120  18:07  Drone x2  
  128  18:14  Neural Parasite  
  128  18:26  Infestor x2  
  132  18:27  Infestor  
  132  18:31  Hatchery  
  132  18:33  Corruptor  
  134  18:41  Brood Lord  
  136  18:42  Corruptor x2  
  140  18:55  Infestor x3  
  146  19:07  Brood Lord, Corruptor x2  
  152  19:15  Brood Lord x2  
  156  19:19  Corruptor  
  158  19:25  Infestor  
  158  19:26  Infestor x2  
  158  19:31  Drone x6  
  168  19:33  Drone  
  171  19:44  Brood Lord x2  
  175  19:49  Infestor x3  
  175  19:51  Extractor  
  180  19:54  Extractor  
  180  19:57  Corruptor  
  181  20:07  Corruptor x2  
  181  20:08  Overlord x2  
  187  20:28  Brood Lord  
Show
View Real Time Build Order
Export as new Build Order

lllIIIIllll Protoss 

Build Orders: 1 Gate Expand, Oracle Opening, Phoenix Opening, Chargelot Immortal, Mass Phoenix 

Get SALT Encoding   

  12  0:00  Probe  
  13  0:12  Probe  
  14  0:18  Pylon  
  14  0:24  Probe  
  15  0:32  Probe  
  15  0:41  Probe, Gateway  
  16  0:47  Assimilator  
  17  0:51  Probe  
  18  1:03  Probe  
  19  1:15  Probe  
  20  1:25  Nexus  
  20  1:36  Cybernetics Core  
  20  1:40  Probe  
  20  1:46  Assimilator  
  21  1:52  Probe  
  22  1:58  Pylon  
  22  2:04  Probe  
  22  2:06  Adept  
  23  2:16  Probe  
  23  2:20  Stargate  
  26  2:27  Warp Gate  
  26  2:29  Probe  
  27  2:36  Adept  
  28  2:37  Probe  
  28  2:41  Probe  
  30  2:45  Probe  
  31  2:53  Probe x2  
  31  2:56  Phoenix  
  33  3:05  Probe x2  
  37  3:17  Probe x2  
  37  3:19  Oracle  
  39  3:21  Pylon  
  39  3:26  Probe  
  42  3:29  Probe  
  44  3:34  Probe  
  44  3:37  Gateway  
  45  3:41  Probe  
  45  3:43  Probe  
  45  3:46  Assimilator  
  45  3:47  Pylon  
  47  3:48  Assimilator  
  47  3:53  Probe  
  48  3:55  Probe  
  48  3:57  Stargate  
  49  4:04  Pylon  
  49  4:05  Probe  
  49  4:08  Probe  
  51  4:13  Phoenix  
  53  4:17  Probe  
  53  4:20  Probe  
  55  4:26  Zealot, Gateway  
  57  4:33  Probe x2  
  57  4:34  Phoenix  
  59  4:38  Phoenix  
  63  4:49  Pylon  
  63  4:51  Zealot  
  65  4:53  Phoenix  
  65  5:03  Zealot  
  67  5:07  Nexus  
  67  5:09  Phoenix, Pylon  
  67  5:11  Pylon  
  67  5:12  Phoenix  
  71  5:24  Probe x2  
  73  5:31  Phoenix  
  75  5:35  Phoenix  
  77  5:43  Probe  
  77  5:44  Probe  
  77  5:49  Zealot x2  
  83  5:55  Probe  
  83  5:56  Probe, Robotics Facility  
  85  5:59  Robotics Facility  
  85  6:05  Sentry  
  85  6:07  Probe  
  85  6:08  Probe  
  89  6:14  Forge, Twilight Council  
  89  6:15  Probe  
  89  6:16  Probe  
  89  6:20  Probe  
  89  6:24  Probe x2  
  92  6:32  Probe, Assimilator  
  95  6:33  Assimilator  
  95  6:35  Probe x2  
  97  6:44  Probe  
  97  6:45  Immortal  
  97  6:47  Pylon  
  102  6:53  Immortal  
  102  7:02  Probe x3, Protoss Ground Weapons Level 1  
  102  7:04  Photon Cannon  
  102  7:05  Charge  
  102  7:06  Shield Battery  
  102  7:08  Templar Archives  
  105  7:19  Immortal, Gateway x2  
  105  7:23  Immortal, Gateway  
  113  7:37  Pylon  
  113  7:39  Pylon  
  113  7:45  Gateway  
  113  7:46  Psionic Storm, Gateway  
  113  7:48  Gateway  
  113  8:02  Warp Prism  
  113  8:03  Observer  
  113  8:04  High Templar x3  
  122  8:06  Pylon  
  122  8:08  Pylon  
  122  8:16  High Templar x2  
  126  8:21  High Templar  
  126  8:25  Nexus  
  126  8:26  Pylon  
  128  8:31  Immortal x2  
  136  8:44  Probe x3  
  136  8:47  High Templar  
  141  8:49  Photon Cannon  
  141  8:51  Photon Cannon  
  141  8:54  Zealot x6  
  153  8:59  High Templar x2  
  153  9:02  Pylon  
  157  9:04  Archon, Pylon  
  157  9:07  Pylon, Protoss Ground Weapons Level 2  
  157  9:22  Pylon  
  157  9:24  Sentry x2, Zealot x5  
  171  9:33  Sentry x2  
  171  9:45  Zealot x5  
  173  9:47  Zealot x2  
  145  10:07  Zealot x6  
  145  10:08  Zealot x3  
  148  10:23  Archon  
  136  10:33  Zealot x2  
  136  10:34  Zealot x3  
  136  10:35  Zealot x4  
  126  10:36  Immortal x2  
  114  10:48  Probe x4  
  92  10:58  High Templar x4  
  92  11:00  Probe  
  92  11:02  Gateway  
  93  11:06  Immortal x2, Gateway  
  93  11:07  Fleet Beacon, Archon  
  93  11:08  Archon  
  93  11:09  High Templar x2  
  97  11:13  Sentry, Shield Battery, Zealot  
  97  11:14  Archon  
  97  11:16  Zealot  
  111  11:23  Assimilator  
  111  11:26  Assimilator  
  111  11:31  High Templar x2  
  115  11:34  Photon Cannon  
  115  11:47  Tempest x2  
  115  11:52  Photon Cannon  
  115  11:55  Photon Cannon x2  
  115  11:57  Shield Battery  
  115  11:58  Warp Prism  
  125  12:03  Zealot x4  
  135  12:11  High Templar x2  
  135  12:13  Photon Cannon  
  139  12:16  Shield Battery  
  139  12:18  Immortal, High Templar x2  
  143  12:25  Pylon  
  143  12:27  Archon  
  147  12:30  Tempest x2  
  145  12:39  Zealot x3  
  161  12:48  Zealot x3  
  159  12:56  Shield Battery  
  159  12:58  Shield Battery  
  145  13:02  Protoss Ground Weapons Level 3  
  145  13:03  Tempest  
  145  13:10  Oracle  
  145  13:11  High Templar x2  
  149  13:15  Archon  
  157  13:20  Warp Prism  
  157  13:23  Zealot x5  
  157  13:24  Zealot, Nexus  
  171  13:31  Pylon  
  171  13:32  Observer  
  171  13:40  High Templar x2  
  173  13:41  Blink  
  173  13:43  Probe x3  
  173  13:44  Probe  
  173  13:47  Dark Shrine  
  173  13:48  Archon  
  177  13:49  Zealot x3  
  177  13:51  Zealot  
  170  13:56  Zealot x2  
  168  14:03  Zealot x3  
  168  14:13  Zealot x2  
  151  14:19  Zealot x2  
  141  14:26  Zealot  
  128  14:44  Zealot x2  
  125  14:54  High Templar x3  
  125  14:55  High Templar  
  125  14:59  Archon x2  
  121  15:00  Probe  
  121  15:01  Probe  
  121  15:02  Probe x2  
  125  15:12  Probe  
  125  15:13  Probe  
  120  15:16  Probe x2  
  120  15:19  Pylon  
  120  15:20  Probe  
  120  15:21  Probe, High Templar x2  
  124  15:31  Zealot x3, High Templar x2  
  124  15:33  Probe  
  135  15:35  Archon  
  135  15:44  Observer  
  136  15:58  High Templar x2  
  136  15:59  Zealot x5  
  136  16:03  Archon  
  150  16:07  Stalker  
  150  16:08  Stalker  
  154  16:15  Stalker  
  152  16:27  Stalker x2  
  149  16:38  Stalker x2  
  146  16:46  Stalker  
  103  17:03  Zealot x4  
  107  17:10  High Templar x3  
  107  17:14  Archon  
  107  17:29  Archon  
  90  17:38  Zealot x2  
  52  17:53  High Templar x2  
  52  17:54  High Templar x2  
  52  17:55  Immortal  
  52  17:57  Probe x3, Archon  
  56  17:58  Archon  
  56  17:59  Probe  
  56  18:05  Probe  
  64  18:06  Probe  
  64  18:07  Probe, High Templar x2  
  71  18:12  High Templar  
  71  18:14  Probe  
  71  18:15  Sentry, Probe  
  71  18:17  Probe  
  78  18:23  Immortal  
  78  18:27  Probe  
  78  18:32  Observer  
  83  18:34  Probe  
  83  18:36  Probe  
  83  18:37  Probe  
  86  18:41  Sentry x2  
  86  18:43  High Templar  
  86  18:48  Immortal  
  96  19:09  Nexus  
  96  19:12  High Templar x2, Immortal  
  104  19:28  Pylon  
  104  19:29  High Templar x2  
  108  19:34  Archon  
  108  19:35  Probe  
  109  19:42  Warp Prism  
  111  19:48  Observer, High Templar  
  111  19:49  Zealot x2, Sentry  
  111  19:50  Zealot  
  121  20:02  Stalker x2  
  121  20:03  Stalker  
  127  20:13  Stalker x2  
  131  20:27  Stalker x5  
  136  20:32  Observer  
Tags
 
Add a new tag
Caveats
  • Supply blocks, unpowered buildings, or Contaminate may cause inaccurate times.
  • Supply counts are checked every 10 seconds.